 Dungeon Crawl Stone Soup version 0.27.1-4-g1640c2035a (webtiles) character file.

Game seed: 11704658118757447640

31 zeram the Sneak (level 3, -13/18 HPs)
             Began as a Spriggan Brigand on Nov 10, 2021.
             Killed by divine providence
             ... invoked by an orc priest
              (16 damage)
             ... on level 3 of the Dungeon.
             The game lasted 00:03:05 (1306 turns).

zeram the Sneak (Spriggan Brigand)                  Turns: 1306, Time: 00:03:05

Health: -13/18     AC:  3    Str: 13    XL:     3   Next: 7%
Magic:  4/4        EV: 17    Int: 13    God:
Gold:   38         SH:  0    Dex: 16    Spells: 2/2 levels left

rFire    . . .     SeeInvis +   a - +2 dagger
rCold    + . .     Faith    .   (shield restricted)
rNeg     . . .     Spirit   .   b - +0 robe
rPois    .         Reflect  .   (helmet restricted)
rElec    .         Harm     .   c - +0 cloak
rCorr    .         Rampage  .   (gloves unavailable)
Will     .....                  (boots unavailable)
Stlth    ++++......             (no amulet)
HPRegen  0.06/turn              h - ring of protection from cold
MPRegen  0.09/turn              g - +6 ring of strength

@: very quick
A: very small, no large weapons, unfitting armour, see invisible, speed 3
a: no special abilities


You were on level 3 of the Dungeon.
You visited 1 branch of the dungeon, and saw 3 of its levels.

You collected 38 gold pieces.

Inventory:

Hand Weapons
 a - a +2 dagger (weapon)
Missiles
 d - 28 poisoned darts (quivered)
 e - 2 curare-tipped darts
Armour
 b - a +0 robe (worn)
 c - a +0 cloak (worn)
Jewellery
 g - a +6 ring of strength (right hand)
 h - a ring of protection from cold (left hand)
Scrolls
 i - a scroll of enchant armour {unknown}
Potions
 f - a potion of might {unknown}


   Skills:
 - Level 1.5 Fighting
 + Level 2.5 Short Blades
 - Level 2.0 Throwing
 + Level 2.2 Dodging
 + Level 6.9 Stealth


You had 2 spell levels left.
You didn't know any spells.
Your spell library contained the following spells:

 Spells                   Type           Power      Damage    Failure   Level
 Frozen Ramparts          Ice            0%         1d2       67%         3
 Ice Form                 Ice/Tmut       0%         N/A       97%         4
 Summon Ice Beast         Ice/Summ       0%         N/A       97%         4


Dungeon Overview and Level Annotations

Branches:
Dungeon (3/15)

Altars:
Uskayaw


Innate Abilities, Weirdness & Mutations

You are very small and have problems with some larger weapons.
You are too small for most types of armour.
You have supernaturally acute eyesight. (SInv)
You cover ground extremely quickly. (Speed+++)


Message History

i - a scroll labelled BUIG NUHAYKLYT No target in view!
No target in view!
No target in view!
No target in view!
No target in view!
No target in view!
(D) Dungeon
Where to? (Enter - D:2, ? - help)
There is a stone staircase leading down here.
You climb downwards.
Found 14 gold pieces.
There is a stone staircase leading up here.
You now have 38 gold pieces (gained 14).
An orc and an orc priest come into view.
There are monsters nearby!
There are monsters nearby!
There are monsters nearby!
There are monsters nearby!
An orc comes into view. It is wielding a +0 mace.
Found a smoky pink potion.
An endoplasm comes into view.
Found a scroll labelled WEECWECHUO.
A rat comes into view.
Found 9 stones.
Found a stone staircase leading up.
The orc hits you with a +0 mace.
You hit the orc.
The orc is almost dead.
The orc shouts!
The orc priest shouts!
The orc priest calls down the wrath of Beogh upon you.
Beogh smites you!
Ouch! That really hurt!
* * * LOW HITPOINT WARNING * * *
Okay, then.
Okay, then.
Found a stone staircase leading down.
The orc priest mumbles some strange prayers to Beogh against you.
Beogh smites you!
Ouch! That really hurt!
You die...

#.........# #.
#.........# #>.
######.........# ....
#................
#...###.####.........##
#.....r(.##..........#
.....................#
.#........o..........#
...<...@.oo..........
#...................
...................#
...........!...J..##
.........?........#
..................#
...................
...#.####.........


You could see an orc priest, 2 orcs and a rat.

Vanquished Creatures
  An adder (D:2)
  A ball python (D:1)
  2 endoplasms (D:1)
  3 goblins
  4 jackals (D:1)
  A quokka (D:1)
  4 bats
  2 kobolds (D:1)
  A rat (D:1)
19 creatures vanquished.

Notes
Turn   | Place    | Note
-------+----------+-------------------------------------------
     0 | D:1      | zeram the Spriggan Brigand began the quest for the Orb.
     0 | D:1      | Reached XP level 1. HP: 10/10 MP: 2/2
   103 | D:1      | Reached skill level 6 in Stealth
   344 | D:1      | Reached XP level 2. HP: 9/14 MP: 3/3
  1261 | D:2      | Reached XP level 3. HP: 18/18 MP: 4/4
  1271 | D:2      | Found a hide-covered altar of Uskayaw.
  1306 | D:3      | Killed from afar by an orc priest

Illustrated notes

Levels and vault maps discovered:
D:1:      saegor_arrival_simple_c, layout_basic
D:2:      layout_basic, basic_altar, glass_columns_a
D:3:      layout_rooms, chequers_ecumenical_altar_grove, uniq_crazy_yiuf_cottage

Skill      XL: |  1  2 |
---------------+-------+-----
Stealth        | 6 |  6.9
Dodging        | 2 |  2.2
Fighting       | |  1.5
Short Blades   | |  2.5
Throwing       | |  2.0

Action                   || total
-------------------------++-------
Melee: Dagger            ||    69
Throw: Dart              ||     3
  Use: Scroll            ||     2
 Stab: Sleeping          ||     5
Armor: Robe              ||     8
Dodge: Dodged            ||    64
